 Dungeon Crawl Stone Soup version 0.20-a0-731-gecde0bf (webtiles) character file.

4164 KristoblXynda the Covert (level 10, -6/44 HPs)
             Began as a Spriggan Artificer on Feb 22, 2017.
             Was a Follower of Vehumet.
             Killed from afar by an efreet (29 damage)
             ... with a fireball
             ... on level 9 of the Dungeon.
             The game lasted 00:30:27 (11192 turns).

KristoblXynda the Covert (Spriggan Artificer)      Turns: 11192, Time: 00:30:28

Health: -6/44      AC:  4    Str:  8    XL:     10   Next: 7%
Magic:  15/23      EV: 21    Int: 17    God:    Vehumet [*.....]
Gold:   492        SH:  0    Dex: 16    Spells: 17/25 levels left

rFire    . . .     SeeInvis +   a - +5 dagger (freeze)
rCold    . . .     Gourm    .   b - +2 robe
rNeg     . . .     Faith    .   (shield restricted)
rPois    +         Spirit   .   (helmet restricted)
rElec    .         Reflect  .   q - scarf {repulsion}
rCorr    .         Harm     .   (gloves unavailable)
MR       +....                  (boots unavailable)
Stlth    +++++.....             (no amulet)
Regen    0.2/turn               y - ring of wizardry
MPRegen  0.2/turn               k - ring of poison resistance

@: repel missiles, very quick
A: unfitting armour, see invisible, herbivore 3, speed 3, slow metabolism 2
a: Renounce Religion


You were on level 9 of the Dungeon.
You worshipped Vehumet.
Vehumet was aware of your devotion.
You were not hungry.

You visited 2 branches of the dungeon, and saw 10 of its levels.

You collected 492 gold pieces.

Inventory:

Hand Weapons
 a - a +5 dagger of freezing (weapon)
Armour
 b - a +2 robe (worn)
 q - a scarf of repulsion (worn)
 v - the +1 robe "Festrori" {rF+++ Str+2 Slay-4}
   (You found it on level 6 of the Dungeon)

   It affects your strength (+2).
   It affects your accuracy and damage with ranged weapons and melee attacks
   (-4).
   It renders you almost immune to fire.
Jewellery
 c - the ring "Geqas" {MR+ MP-9 EV+5 Str+2 Dex+4}
   (You found it on level 5 of the Dungeon)

   [ring of evasion]

   It affects your evasion (+5).
   It affects your strength (+2).
   It affects your dexterity (+4).
   It affects your resistance to hostile enchantments.
   It affects your magic capacity (-9).
 g - a +5 ring of intelligence
 i - an uncursed ring of protection from fire
 k - a ring of poison resistance (left hand)
 p - a +4 ring of protection
 y - a ring of wizardry (right hand)
 E - an uncursed ring of ice {unknown}
Wands
 d - a wand of enslavement (8/24)
 l - a wand of iceblast (4/15)
Scrolls
 j - 8 scrolls of teleportation
 s - a scroll of enchant armour
 t - 2 scrolls of fear
 z - a scroll of fog
 C - a scroll of remove curse
Potions
 h - a potion of heal wounds
 m - 6 potions of curing
 n - a potion of resistance
 r - a potion of invisibility
 u - a potion of lignification
 w - a potion of haste
 A - a potion of berserk rage {unknown}
 B - a potion of ambrosia
 D - a potion of flight {unknown}
Books
 e - a book of Changes

   Spells                             Type                      Level
   a - Beastly Appendage              Transmutation                1
   b - Sticks to Snakes               Transmutation                2
   c - Spider Form                    Transmutation/Poison         3
   d - Ice Form                       Ice/Transmutation            4
   e - Blade Hands                    Transmutation                5
 o - a book of Maledictions

   Spells                             Type                      Level
   a - Corona                         Hexes                        1
   b - Ensorcelled Hibernation        Hexes/Ice                    2
   c - Confuse                        Hexes                        3
   d - Tukima's Dance                 Hexes                        3
   e - Dazzling Spray                 Conjuration/Hexes            3
Comestibles
 f - 5 bread rations
 x - a royal jelly


   Skills:
 - Level 0.7 Fighting
 - Level 5.0 Short Blades
 - Level 6.0 Dodging
 - Level 11.3 Stealth
 + Level 8.3 Spellcasting
 + Level 7.7 Hexes
 - Level 3.1 Ice Magic
 + Level 6.5 Evocations


You had 17 spell levels left.
You knew the following spells:

 Your Spells              Type           Power        Failure   Level  Hunger
a - Ensorcelled Hibernat  Hex/Ice        ####..       1%          2    None
b - Confuse               Hex            ####....     1%          3    #......
c - Tukima's Dance        Hex            ####....     1%          3    #......


Dungeon Overview and Level Annotations

Branches:
Dungeon (9/15)             Temple (1/1) D:7
   Lair: D:8-11         Orc: D:9-12

Altars:
Ashenzari
Cheibriados
Dithmenos
Elyvilon
Fedhas
Gozag
Hepliaklqana
Kikubaaqudgha
Makhleb
Nemelex Xobeh
Okawaru
Qazlal
Ru
Sif Muna
Trog
Uskayaw
Vehumet
Wu Jian
Xom
Yredelemnul
Zin
The Shining One

Shops:
D:9 ?


Innate Abilities, Weirdness & Mutations

You are very small and have problems with some larger weapons.
You are too small for most types of armour.
You have supernaturally acute eyesight. (SInv)
You are a herbivore.
You cover ground extremely quickly.
You need consume almost no food.


Message History

You hit the two-headed ogre. You freeze the two-headed ogre.
The two-headed ogre is moderately wounded.
The two-headed ogre wonders, "What am I doing in here?"
The two-headed ogre hits you with a giant club!!
Ouch! That really hurt!
The two-headed ogre barely misses you.
You hit the two-headed ogre. You freeze the two-headed ogre.
The two-headed ogre is moderately wounded.
Casting: Confuse
Confirm with . or Enter, or press ? or * to list all spells.
Aiming: Tukima's Dance
Press: ? - help, Shift-Dir - straight line, f/p - two-headed ogre
Aim: a two-headed ogre, wielding two giant clubs (moderately wounded, confused, chance to defeat MR: 55%)
The giant club dances into the air!
The efreet gestures at you.
The bolt of fire is repelled.
The efreet gestures at you.
The fireball explodes!
The fireball engulfs you!
Ouch! That really hurt!
You die...

#################################
.................................
.....#####..(....................
..... #O......................
..... #.......................
#.... #.......................
#R... #......@.........##.....
§.... #................##.....
§.O.. #R.....######........###
.§§.......................
#######################'#########
.............# .................
.............# .................
.............# .................
...(.........# .................


You could see a two-headed ogre (confused), an efreet and a friendly giant club.

Vanquished Creatures
  A two-headed ogre (D:8)
  Grinder (D:5)
  A hippogriff (D:8)
  A water moccasin (D:5)
  A black bear (D:8)
  An orc warrior (D:8)
  An ice beast (D:7)
  An ogre (D:8)
  The ghost of Rationalist the Shield-Bearer, an amateur MiFi (D:3)
  2 centaurs
  Blork the orc (D:5)
  A big kobold (D:7)
  4 bullfrogs
  2 scorpions
  A wyvern zombie (D:3)
  A killer bee (D:9)
  20 wights
  2 crimson imps
  A centaur skeleton (D:8)
  3 hounds
  A gnoll shaman (D:8)
  3 orc priests
  7 orc wizards
  Jessica (D:2)
  An iguana (D:9)
  Terence (D:2)
  A worker ant (D:8)
  A hound zombie (D:9)
  A hound skeleton (D:9)
  A worker ant zombie (D:5)
  12 gnolls
  9 adders
  A shadow imp (D:6)
  2 oozes
  An adder skeleton (D:6)
  6 worms
  A dart slug (D:2)
  7 leopard geckos
  15 orcs
  3 ball pythons
  6 giant cockroaches
  5 goblins
  5 hobgoblins
  9 jackals
  A quokka (D:8)
  7 bats
  A frilled lizard (D:2)
  11 kobolds
  2 quokka skeletons (D:4)
  7 rats
176 creatures vanquished.

Vanquished Creatures (collateral kills)
  2 ogres (D:5)
  A wight (D:8)
  A gnoll (D:4)
  An adder (D:5)
  A leopard gecko (D:4)
  An orc (D:5)
7 creatures vanquished.

Vanquished Creatures (others)
  3 dancing weapons (D:8)
  A rat (D:1)
4 creatures vanquished.

Grand Total: 187 creatures vanquished

Notes
Turn   | Place    | Note
-------+----------+-------------------------------------------
     0 | D:1      | KristoblXynda the Spriggan Artificer began the quest for the Orb.
     0 | D:1      | Reached XP level 1. HP: 9/9 MP: 4/4
    84 | D:1      | Reached skill level 2 in Stealth
   670 | D:1      | Reached XP level 2. HP: 8/14 MP: 6/6
   996 | D:1      | Reached skill level 3 in Stealth
  1358 | D:2      | Reached XP level 3. HP: 17/17 MP: 7/7
  1393 | D:2      | Noticed Terence
  1397 | D:2      | Killed Terence
  1517 | D:2      | Noticed Jessica
  1520 | D:2      | Killed Jessica
  1520 | D:2      | Reached skill level 4 in Stealth
  1520 | D:2      | Reached skill level 5 in Evocations
  1520 | D:2      | Reached XP level 4. HP: 21/21 MP: 8/8
  1539 | D:2      | Found an opulent altar of Gozag.
  1539 | D:2      | Found a stormy altar of Qazlal.
  2628 | D:3      | Noticed Rationalist's ghost (amateur MiFi)
  2638 | D:3      | Killed Rationalist's ghost
  2638 | D:3      | Reached skill level 5 in Dodging
  2638 | D:3      | Reached skill level 5 in Stealth
  2638 | D:3      | Reached XP level 5. HP: 25/25 MP: 10/10
  2956 | D:3      | HP: 1/25 [wyvern zombie (16)]
  3396 | D:3      | Reached XP level 6. HP: 29/29 MP: 11/11
  3739 | D:3      | Found a basalt altar of Yredelemnul.
  3766 | D:3      | Learned a level 2 spell: Ensorcelled Hibernation
  3770 | D:3      | Learned a level 3 spell: Confuse
  4410 | D:4      | Found a glowing golden altar of the Shining One.
  4775 | D:4      | Reached skill level 6 in Stealth
  4775 | D:4      | Reached skill level 1 in Spellcasting
  5206 | D:5      | Entered Level 5 of the Dungeon
  5308 | D:5      | Found a bloodstained altar of Trog.
  5330 | D:5      | Noticed a water moccasin
  5466 | D:5      | Noticed Grinder
  5480 | D:5      | Reached skill level 1 in Hexes
  5508 | D:5      | Killed Grinder
  5508 | D:5      | Reached XP level 7. HP: 19/32 MP: 12/12
  5533 | D:5      | Got a warped pewter ring
  5569 | D:5      | Reached skill level 7 in Stealth
  5616 | D:5      | Killed a water moccasin
  5913 | D:5      | Noticed Blork the orc
  5916 | D:5      | Identified the ring "Geqas" {MR+ MP-9 EV+5 Str+2 Dex+4} (You found it on level 5 of the Dungeon)
  5945 | D:5      | Killed Blork the orc
  6321 | D:5      | Reached XP level 8. HP: 37/37 MP: 13/15
  6437 | D:5      | Reached skill level 8 in Stealth
  6963 | D:6      | Reached skill level 5 in Spellcasting
  6989 | D:6      | Reached skill level 5 in Short Blades
  7125 | D:6      | Learned a level 3 spell: Tukima's Dance
  7139 | D:6      | Found a snail-covered altar of Cheibriados.
  7225 | D:6      | Reached skill level 9 in Stealth
  7312 | D:6      | Found an ancient bone altar of Kikubaaqudgha.
  7313 | D:6      | Found a hide-covered altar of Uskayaw.
  7314 | D:6      | Noticed a dagger
  7315 | D:6      | Noticed a dagger
  7321 | D:6      | Got a faintly humming robe
  7333 | D:6      | Identified the +1 robe "Festrori" {rF+++ Str+2 Slay-4} (You found it on level 6 of the Dungeon)
  7566 | D:7      | Reached skill level 5 in Hexes
  7633 | D:7      | Found a hazy altar of Hepliaklqana.
  7698 | D:7      | Found a hazy altar of Hepliaklqana.
  8094 | D:7      | Found a blossoming altar of Fedhas.
  8098 | D:7      | Reached XP level 9. HP: 40/40 MP: 17/19
  8146 | D:7      | Reached skill level 10 in Stealth
  8156 | D:7      | Reached skill level 1 in Ice Magic
  8491 | D:7      | Found a shimmering altar of Xom.
  8491 | D:7      | Found a shimmering altar of Xom.
  8602 | D:7      | Found a staircase to the Ecumenical Temple.
  8777 | Temple   | Entered the Ecumenical Temple
  8851 | Temple   | Became a worshipper of Vehumet
  9982 | D:8      | Identified a scroll of acquirement
 10351 | D:8      | Noticed a two-headed ogre
 10364 | D:8      | Killed a two-headed ogre
 10364 | D:8      | Reached skill level 11 in Stealth
 10594 | D:8      | Reached XP level 10. HP: 44/44 MP: 23/23
 10820 | D:9      | Found Qerrus's Magic Scroll Shop.
 10867 | D:9      | Found a sacrificial altar of Ru.
 11023 | D:9      | Reached * piety under Vehumet
 11023 | D:9      | Offered knowledge of Sting by Vehumet.
 11070 | D:9      | Noticed a two-headed ogre
 11192 | D:9      | Killed from afar by an efreet

Vault maps used:
D:1:      shiori_arrival_elements
D:2:      minitemple, first_bread, uniq_jessica, uniq_terence
D:3:      lemuel_doored_altar
D:4:      tso_altar
D:5:      kennysheep_mini_moat, uniq_grinder, uniq_blork_the_orc
D:6:      lemuel_crystal_altar, dancing_weapons_uskayaw, kennysheep_mini
D:7:      lemuel_coloured_pillars_altar, lemuel_round_altar,
          minmay_temple_entry_overgrown, basic_altar, xom_shifter_show
D:9:      minmay_bloctagon, nicolae_overflow_crystal_walls, serial_shops,
          nicolae_shop_crystal
Temple:   minmay_temple_bridge_abc

Skill      XL: |  1  2  3  4  5  6  7  8  9 |
---------------+----------------------------+-----
Stealth        | 2 3 4 5 6 7 9 11 | 11.3
Dodging        | 4 5 6 |  6.0
Evocations     | 5 6 |  6.5
Short Blades   | 3 4 5 |  5.0
Spellcasting   | 3 4 6 8 |  8.3
Hexes          | 2 3 5 7 |  7.7
Ice Magic      | 3 |  3.1
Fighting       | |  0.7

Action                   |  1- 3 |  4- 6 |  7- 9 | 10-12 || total
-------------------------+-------+-------+-------+-------++-------
Melee: Short sword       |    73 |   235 |    73 |       ||   381
       Dagger            |       |       |   228 |    10 ||   238
 Cast: Confuse           |       |       |    58 |     6 ||    64
       Tukima's Dance    |       |       |     4 |     1 ||     5
       Ensorcelled Hiber |       |       |     3 |       ||     3
Evoke: Wand              |     5 |    37 |    16 |       ||    58
  Use: Scroll            |       |    15 |    12 |     1 ||    28
 Stab: Sleeping          |     7 |    10 |    13 |     4 ||    34
       Confused          |       |     1 |    24 |     1 ||    26
       Distracted        |       |     1 |     1 |     1 ||     3
  Eat: Bread ration      |       |     1 |     1 |       ||     2
Armor: Robe              |    12 |    17 |    24 |     1 ||    54
Dodge: Dodged            |    60 |   213 |   197 |     5 ||   475
       Deflected         |       |       |       |     3 ||     3
